 Dungeon Crawl Stone Soup version 0.30.1-11-g7821555f0a (webtiles) character file.

Game seed: 13465290609111457603

466 safid the Conjurer (level 7, -5/32 (44) HPs)
             Began as a Gargoyle Reaver on Dec 12, 2023.
             Slain by an orc warrior
             ... wielding a +0 battleaxe
              (9 damage)
             ... on level 6 of the Dungeon.
             The game lasted 00:06:46 (4779 turns).

safid the Conjurer (Gargoyle Reaver)                Turns: 4779, Time: 00:06:46

HP:   -5/32 (44)    AC: 12    Str: 18    XL:     7   Next: 8%
MP:   13/13         EV: 16    Int: 13    God:
Gold: 269           SH:  5    Dex:  8    Spells: 11/14 levels left

rFire   . . .        A - +1 short sword (holy)
rCold   + . .        (no shield)
rNeg    + . .        b - +0 leather armour
rPois   ∞            w - +0 helmet
rElec   +            x - +0 cloak
rCorr   .            i - +2 pair of gloves
SInv    .            (no boots)
Will    .....        e - amulet of reflection
Stlth   +            f - ring of protection from cold
HPRegen 0.25/turn    v - +5 ring of evasion
MPRegen 0.13/turn

%: reflection
@: very heavily drained
A: sickness immunity, AC +4, negative energy resistance 1, electricity
resistance, torment resistance 1, petrification resistance
a: no special abilities


You were on level 6 of the Dungeon.
You visited 1 branch of the dungeon, and saw 6 of its levels.

You collected 269 gold pieces.

Inventory:

Hand Weapons
 a - a +0 mace
 A - a +1 short sword of holy wrath (weapon)
Armour
 b - a +0 leather armour (worn)
 i - a +2 pair of gloves (worn)
 w - a +0 helmet (worn)
 x - a +0 cloak (worn)
Magical Staves
 u - a staff of conjuration
Jewellery
 e - an amulet of reflection (around neck)
 f - a ring of protection from cold (left hand)
 r - a ring of positive energy
 v - a +5 ring of evasion (right hand)
Wands
 q - a wand of flame (15)
 B - a wand of acid (8)
Scrolls
 d - a scroll of amnesia {unknown}
 h - a scroll of acquirement {unknown}
 j - a scroll of teleportation {unknown}
 m - 2 scrolls of enchant armour
 s - a scroll of magic mapping {unknown}
 y - a scroll of fog {unknown}
 z - a scroll of noise {unknown}
 C - a scroll of poison {unknown}
Potions
 c - 3 potions of brilliance
 g - a potion of attraction {unknown}
 k - a potion of might {unknown}
 n - 3 potions of mutation
 o - a potion of heal wounds
 p - 2 potions of curing {unknown}
 t - a potion of lignification {unknown}
 D - a potion of degeneration {unknown}


   Skills:
 + Level 5.0 Fighting
 - Level 3.0 Maces & Flails
 - Level 1.5 Dodging
 + Level 4.1 Spellcasting
 + Level 5.6 Conjurations


You had 11 spell levels left.
You knew the following spells:

 Your Spells              Type           Power      Damage    Failure   Level
a - Kiss of Death         Conj/Necr      40%        2d8       8%          1
b - Momentum Strike       Conj/Tloc      20%        3d8       12%         2

Your spell library contained the following spells:

 Spells                   Type           Power      Damage    Failure   Level
 Hailstorm                Conj/Ice       10%        3d5       22%         3
 Apportation              Tloc           4%         N/A       24%         1
 Alistair's Intoxication  Tmut/Pois      1%         N/A       100%        5


Dungeon Overview and Level Annotations

Branches:
Dungeon (6/15)
 Temple: D:4-7

Altars:

Annotations:
D:2 1 runed translucent door, Crazy Yiuf


Innate Abilities, Weirdness & Mutations

You are immune to sickness and miasma.
Your stone body is resilient. (AC +4)
You are immune to poison.
You resist negative energy. (rN+)
You are resistant to electric shocks. (rElec)
You are resistant to unholy torment.
You are immune to petrification.


Message History

The iguana is severely wounded.
The iguana bites you but does no damage.
The orc priest miscasts a cantrip.
You hit the iguana but do no damage.
The iguana is severely wounded.
The iguana barely misses you.
You barely miss the iguana.
The iguana is severely wounded.
The iguana barely misses you.
You hit the iguana but do no damage.
The iguana is severely wounded.
The iguana hisses menacingly.
You block the iguana's attack.
The orc priest looks braver for a moment.
You hit the iguana but do no damage.
The iguana is severely wounded.
The iguana closely misses you.
You hit the iguana but do no damage.
The iguana is severely wounded.
The iguana bites you but does no damage.
You hit the iguana.
The iguana is almost dead.
The iguana closely misses you.
The orc priest mumbles some strange prayers to Beogh against you.
Beogh smites you!
You closely miss the iguana.
The iguana is almost dead.
The iguana bites you.
You barely miss the iguana.
The iguana is almost dead.
The iguana closely misses you.
You hit the iguana.
You kill the iguana!
Your Fighting skill increases to level 5!
The orc priest invokes the aid of Beogh against you.
Beogh smites you!
* * * LOW HITPOINT WARNING * * *
The orc warrior attacks as you move away!
The orc warrior hits you with a +0 battleaxe!
You die...

..............>.#
########.###....#
#...#.#.##
##########.#.#.#
.........#.#.#.######
###.#########............#
. ....
.......<...........# .###
#.#########............#
....
###....oo{o@..#+#.#.######
....##.......####### #.#.#
...................# #.#.#
.............#####.# #.#.#
....!........# #.#
........###### #.#
.#......# #.# ......o.#
#.# ##.....o## #.#


You could see an orc warrior, an orc priest and an orc.

Vanquished Creatures
  A centaur (D:5)
  A phantom (D:5)
  A scorpion (D:5)
  A hound (D:5)
  3 iguanas
  Jessica (D:3)
  5 adders
  A gnoll (D:5)
  An ufetubus (D:5)
  2 worms (D:3)
  2 dart slugs
  2 orcs (D:5)
  3 ball pythons (D:2)
  2 bats (D:3)
  10 endoplasms
  A giant cockroach (D:1)
  3 goblins
  3 hobgoblins
  4 jackals (D:4)
  2 quokkas
  5 frilled lizards
  7 rats
61 creatures vanquished.

Notes
Turn   | Place    | Note
-------+----------+-------------------------------------------
     0 | D:1      | safid the Gargoyle Reaver began the quest for the Orb.
     0 | D:1      | Reached XP level 1. HP: 12/12 MP: 3/3
   684 | D:2      | Reached XP level 2. HP: 18/18 MP: 5/5
  1353 | D:2      | Reached XP level 3. HP: 22/22 MP: 6/6
  1699 | D:2      | Found a runed translucent door.
  1700 | D:2      | Noticed Crazy Yiuf
  2023 | D:3      | Noticed Jessica
  2031 | D:3      | Killed Jessica
  2032 | D:3      | Reached XP level 4. HP: 26/28 MP: 6/8
  2035 | D:3      | Learned a level 2 spell: Momentum Strike
  3002 | D:4      | Reached XP level 5. HP: 30/32 MP: 9/9
  3335 | D:5      | Entered Level 5 of the Dungeon
  3422 | D:5      | Noticed a centaur
  3428 | D:5      | Killed a centaur
  3429 | D:5      | Reached skill level 5 in Conjurations
  3429 | D:5      | Reached XP level 6. HP: 24/38 MP: 9/11
  4320 | D:5      | Reached XP level 7. HP: 33/38 MP: 11/13
  4776 | D:6      | Reached skill level 5 in Fighting
  4779 | D:6      | Slain by an orc warrior

Illustrated notes

Levels and vault maps discovered:
D:1:      psy_arrival_whirlpool, layout_loops_ring
D:2:      layout_basic, minmay_misc_feat_chi, uniq_crazy_yiuf_cottage
D:3:      layout_loops_ring, kennysheep_nub, kennysheep_donut, st_stairs_10,
          uniq_jessica
D:4:      layout_cave_pods
D:5:      layout_cave_pods
D:6:      layout_basic, st_stairs_1, uniq_grinder, uniq_prince_ribbit1

Skill      XL: |  1  2  3  4  5  6  7 |
---------------+----------------------+-----
Fighting       | 3 4 5 |  5.0
Conjurations   | 4 5 |  5.6
Spellcasting   | 3 4 |  4.1
Maces & Flails | |  3.0
Dodging        | |  1.5

Action                     |  1- 3 |  4- 6 |  7- 9 || total
---------------------------+-------+-------+-------++-------
  Melee: Mace              |   110 |   103 |       ||   213
         Punch             |     3 |     1 |       ||     4
         Short sword       |       |    94 |    45 ||   139
   Cast: Kiss of Death     |       |     3 |     1 ||     4
    Use: Scroll            |       |       |     4 ||     4
         Potion            |       |       |     1 ||     1
 Armour: Leather armour    |    43 |    59 |    10 ||   112
  Dodge: Dodged            |    55 |   134 |    34 ||   223
  Block: Other             |    26 |    56 |     9 ||    91
         Reflection        |       |     3 |       ||     3
